| TOP OF THE 1ST |
|
Tampa Twisters batting - Pitching for Fort Myers Miracles : RHP Jose Bonifilio
|
|
Pitching: RHP Jose Bonifilio
|
|
|
Batting: RHB John Hotchkiss
|
0-0: Swinging Strike 0-1: Ball 1-1: Ball 2-1: Ball 3-1: Called Strike 3-2: Foul Ball, location: 2F 3-2: Base on Balls
|
|
Batting: LHB John Randolph
|
0-0: Ball John Hotchkiss steals 2nd base 1-0: Called Strike 1-1: Foul Ball, location: 2F 1-2: Ball 2-2: Ball 3-2: Foul Ball, location: 2F 3-2: Fly out, F9 (Flyball, 9LS, EV 88.8 MPH)
|
|
Batting: RHB Basil Tennell
|
0-0: Ball 1-0: Ball 2-0: Ball 3-0: Base on Balls
|
|
Batting: LHB Jose Tolentino
|
0-0: Called Strike Basil Tennell steals 2nd base John Hotchkiss steals 3rd base 0-1: Ground out 2-3 (Groundball, 13S, EV 65.6 MPH)
|
|
Batting: LHB Jordan Berge
|
0-0: Called Strike 0-1: Called Strike 0-2: Ground out 5-3 (Groundball, 56, EV 88.1 MPH)
|
| Top of the 1st over - 0 runs, 0 hits, 0 errors, 2 left on base; Tampa 0 - Fort Myers 0 |
| BOTTOM OF THE 1ST |
|
Fort Myers Miracles batting - Pitching for Tampa Twisters : LHP Bob Kipper
|
|
Pitching: LHP Bob Kipper
|
|
|
Batting: SHB Ronnie Chapman
|
0-0: Called Strike 0-1: Foul Ball, location: 2F 0-2: Ball 1-2: Reached on error, E9 (Line Drive, 9, EV 92.5 MPH)
|
|
Batting: RHB T.J. Stout
|
0-0: Ball 1-0: Ball 2-0: Swinging Strike 2-1: Foul Ball, location: 2F 2-2: Fly out, F7 (Flyball, 7D, EV 85.6 MPH) Runner from 1st tags up, SAFE at 2nd
|
|
Batting: RHB Bobby Hinson
|
0-0: Foul Ball, location: 2F 0-1: Foul Ball, location: 2F 0-2: Fly out, F8 (Line Drive, 8RM, EV 92.5 MPH)
|
|
Batting: RHB Galtero Gioacchini
|
0-0: Called Strike 0-1: Called Strike 0-2: Ground out 6-3 (Groundball, 6, EV 89.4 MPH)
|
| Bottom of the 1st over - 0 runs, 0 hits, 1 error, 1 left on base; Tampa 0 - Fort Myers 0 |
| TOP OF THE 2ND |
|
Tampa Twisters batting - Pitching for Fort Myers Miracles : RHP Jose Bonifilio
|
|
Batting: RHB Andres Thomas
|
0-0: Called Strike 0-1: Foul Ball, location: 2F 0-2: Strikes out looking
|
|
Batting: LHB Alex Castaneda
|
0-0: DOUBLE (Flyball, 8LXD, EV 96.3 MPH)
|
|
Batting: RHB Benito Santiago
|
0-0: Swinging Strike 0-1: Ball 1-1: Called Strike 1-2: Ground out 5-3 (Groundball, 5S, EV 91.9 MPH)
|
|
Batting: RHB Nelson Ybarra
|
0-0: Foul Ball, location: 2F 0-1: Swinging Strike 0-2: Foul Ball, location: 2F 0-2: Ball 1-2: Strikes out swinging
|
| Top of the 2nd over - 0 runs, 1 hit, 0 errors, 1 left on base; Tampa 0 - Fort Myers 0 |
| BOTTOM OF THE 2ND |
|
Fort Myers Miracles batting - Pitching for Tampa Twisters : LHP Bob Kipper
|
|
Batting: RHB Michael Saccocio
|
0-0: Ball 1-0: Swinging Strike 1-1: Foul Ball, location: 2F 1-2: Ball 2-2: Ball 3-2: Fly out, F8 (Flyball, 89M, EV 91.9 MPH)
|
|
Batting: LHB Rodney Hodde
|
0-0: Foul Ball, location: 2F 0-1: Foul Ball, location: 2F 0-2: Ball 1-2: Ball 2-2: Strikes out swinging
|
|
Batting: LHB Stacey Pettis
|
0-0: Called Strike 0-1: Ball 1-1: Ball 2-1: Swinging Strike 2-2: SINGLE (Groundball, 56S, EV 72.5 MPH) (infield hit)
|
|
Batting: LHB Abraham Becerra
|
0-0: Ball 1-0: Ball 2-0: Called Strike 2-1: Foul Ball, location: 2F 2-2: Foul Ball, location: 2F 2-2: Fly out, F8 (Flyball, 8RD, EV 82.5 MPH)
|
| Bottom of the 2nd over - 0 runs, 1 hit, 0 errors, 1 left on base; Tampa 0 - Fort Myers 0 |
| TOP OF THE 3RD |
|
Tampa Twisters batting - Pitching for Fort Myers Miracles : RHP Jose Bonifilio
|
|
Batting: RHB John Hotchkiss
|
0-0: Called Strike 0-1: Foul Ball, location: 2F 0-2: Hit by Pitch
|
|
Batting: LHB John Randolph
|
0-0: Ball 1-0: Ball 2-0: Ball 3-0: Called Strike 3-1: Foul Ball, location: 2F 3-2: Foul Ball, location: 2F 3-2: Foul Ball, location: 2F 3-2: Fielders Choice at 2nd, 6-4 (Groundball, 6M, EV 79.4 MPH)
|
|
Batting: RHB Basil Tennell
|
0-0: SINGLE (Line Drive, 34, EV 98.8 MPH) John Randolph to second John Randolph to third
|
|
Batting: LHB Jose Tolentino
|
0-0: Ball 1-0: Called Strike 1-1: Foul Ball, location: 2F 1-2: Ball 2-2: Ball 3-2: Fly out, F6 (Popup, 6MS, EV 72.5 MPH)
|
|
Batting: LHB Jordan Berge
|
0-0: SINGLE (Line Drive, 5D, EV 100.6 MPH) John Randolph scores Basil Tennell to second
|
|
Batting: RHB Andres Thomas
|
0-0: Ball 1-0: Ball 2-0: Called Strike 2-1: Fly out, F4 (Popup, 3S, EV 69.4 MPH)
|
| Top of the 3rd over - 1 run, 2 hits, 0 errors, 2 left on base; Tampa 1 - Fort Myers 0 |
| BOTTOM OF THE 3RD |
|
Fort Myers Miracles batting - Pitching for Tampa Twisters : LHP Bob Kipper
|
|
Batting: RHB Rico Escobar
|
0-0: Foul Ball, location: 2F 0-1: Ball 1-1: SINGLE (Flyball, 78S, EV 87.5 MPH)
|
|
Batting: SHB Ronnie Chapman
|
0-0: Ball 1-0: Called Strike 1-1: Ball 2-1: Foul Ball, location: 2F 2-2: 2-RUN HOME RUN (Flyball, 7D, EV 93.8 MPH), Distance : 372 ft
|
|
Batting: RHB T.J. Stout
|
0-0: Ball 1-0: SINGLE (Groundball, 6MD, EV 100.0 MPH)
|
|
Batting: RHB Bobby Hinson
|
0-0: Fielders Choice at 2nd, 4-6 (Groundball, 4S, EV 88.8 MPH)
|
|
Batting: RHB Galtero Gioacchini
|
0-0: DOUBLE (Line Drive, 89D, EV 105.6 MPH) Bobby Hinson to third
|
|
Batting: RHB Michael Saccocio
|
0-0: Called Strike 0-1: Ball 1-1: Fly out, F7 (Flyball, 78M, EV 90.6 MPH) Runner from 3rd tags up, SCORES, throw by LF
|
|
Batting: LHB Rodney Hodde
|
0-0: Fly out, F5 (Popup, 56, EV 66.9 MPH)
|
| Bottom of the 3rd over - 3 runs, 4 hits, 0 errors, 1 left on base; Tampa 1 - Fort Myers 3 |
| TOP OF THE 4TH |
|
Tampa Twisters batting - Pitching for Fort Myers Miracles : RHP Jose Bonifilio
|
|
Batting: LHB Alex Castaneda
|
0-0: Fly out, F7 (Flyball, 78M, EV 93.8 MPH)
|
|
Batting: RHB Benito Santiago
|
0-0: Ball 1-0: Ball 2-0: SINGLE (Line Drive, 6D, EV 106.3 MPH)
|
|
Batting: RHB Nelson Ybarra
|
0-0: Ball 1-0: Ball 2-0: Called Strike 2-1: Swinging Strike 2-2: Ball 3-2: Strikes out swinging
|
|
Batting: RHB John Hotchkiss
|
0-0: Called Strike 0-1: Called Strike 0-2: Ball 1-2: 2-RUN HOME RUN (Flyball, 7D, EV 93.8 MPH), Distance : 347 ft
|
|
Batting: LHB John Randolph
|
0-0: Ball 1-0: Called Strike 1-1: Ball 2-1: SINGLE (Line Drive, 8LM, EV 88.8 MPH)
|
|
Batting: RHB Basil Tennell
|
0-0: Ball 1-0: Ball John Randolph steals 2nd base 2-0: Ball 3-0: Called Strike 3-1: Swinging Strike 3-2: Base on Balls
|
|
Batting: LHB Jose Tolentino
|
0-0: Ball 1-0: Called Strike 1-1: Ground out 4-3 (Groundball, 4, EV 88.8 MPH)
|
| Top of the 4th over - 2 runs, 3 hits, 0 errors, 2 left on base; Tampa 3 - Fort Myers 3 |
| BOTTOM OF THE 4TH |
|
Fort Myers Miracles batting - Pitching for Tampa Twisters : LHP Bob Kipper
|
|
Batting: LHB Stacey Pettis
|
0-0: Called Strike 0-1: Ground out 5-3 (Groundball, 56, EV 76.3 MPH)
|
|
Batting: LHB Abraham Becerra
|
0-0: Called Strike 0-1: Called Strike 0-2: Ball 1-2: Strikes out swinging
|
|
Batting: RHB Rico Escobar
|
0-0: Called Strike 0-1: Fly out, F4 (Line Drive, 4, EV 64.4 MPH)
|
| Bottom of the 4th over - 0 runs, 0 hits, 0 errors, 0 left on base; Tampa 3 - Fort Myers 3 |
| TOP OF THE 5TH |
|
Tampa Twisters batting - Pitching for Fort Myers Miracles : RHP Jose Bonifilio
|
|
Batting: LHB Jordan Berge
|
0-0: Fly out, F2 (Popup, 5SF, EV 88.8 MPH)
|
|
Batting: RHB Andres Thomas
|
0-0: Called Strike 0-1: Swinging Strike 0-2: Ball 1-2: Fly out, F8 (Flyball, 89D, EV 83.1 MPH)
|
|
Batting: LHB Alex Castaneda
|
0-0: Called Strike 0-1: Fly out, F4 (Popup, 34D, EV 68.8 MPH)
|
| Top of the 5th over - 0 runs, 0 hits, 0 errors, 0 left on base; Tampa 3 - Fort Myers 3 |
| BOTTOM OF THE 5TH |
|
Fort Myers Miracles batting - Pitching for Tampa Twisters : LHP Bob Kipper
|
|
Batting: SHB Ronnie Chapman
|
0-0: Foul Ball, location: 2F 0-1: Ball 1-1: Ball 2-1: Ground out 5-3 (Groundball, 56S, EV 81.9 MPH)
|
|
Batting: RHB T.J. Stout
|
0-0: Ball 1-0: Ball 2-0: Ball 3-0: Base on Balls
|
|
Batting: RHB Bobby Hinson
|
0-0: Ball 1-0: Foul Ball, location: 2F 1-1: Foul Ball, location: 2F 1-2: Ball 2-2: SINGLE (Line Drive, 9S, EV 96.9 MPH) T.J. Stout to second
|
|
Batting: RHB Galtero Gioacchini
|
0-0: Ball 1-0: SINGLE (Line Drive, 6MD, EV 108.1 MPH) T.J. Stout to third Bobby Hinson to second Runner from 3rd tries for Home, throw by CF and OUT! 8-2
|
|
Batting: RHB Michael Saccocio
|
0-0: Foul Ball, location: 2F 0-1: Fly out, F8 (Flyball, 8RM, EV 80.6 MPH)
|
| Bottom of the 5th over - 0 runs, 2 hits, 0 errors, 2 left on base; Tampa 3 - Fort Myers 3 |
| TOP OF THE 6TH |
|
Tampa Twisters batting - Pitching for Fort Myers Miracles : RHP Jose Bonifilio
|
|
Batting: RHB Benito Santiago
|
0-0: Ball 1-0: Ball 2-0: Swinging Strike 2-1: Ball 3-1: Ground out 6-3 (Groundball, 6MD, EV 107.5 MPH)
|
|
Batting: RHB Nelson Ybarra
|
0-0: Ball 1-0: Ball 2-0: DOUBLE (Line Drive, 89D, EV 113.1 MPH)
|
|
Batting: RHB John Hotchkiss
|
0-0: Ball 1-0: Ball 2-0: 2-RUN HOME RUN (Flyball, 78XD, EV 106.3 MPH), Distance : 383 ft
|
|
Batting: LHB John Randolph
|
0-0: Ball 1-0: Ball 2-0: Ball 3-0: Called Strike 3-1: Fly out, F7 (Flyball, 7LM, EV 98.1 MPH)
|
|
Batting: RHB Basil Tennell
|
0-0: Swinging Strike 0-1: Ball 1-1: Ball 2-1: Called Strike 2-2: Ball 3-2: Base on Balls
|
|
Batting: LHB Jose Tolentino
|
0-0: Called Strike Basil Tennell steals 2nd base 0-1: Ball 1-1: Swinging Strike 1-2: DOUBLE (Flyball, 78D, EV 107.5 MPH) Basil Tennell scores
|
|
Pitching: RHP Roberto Galvez
|
|
|
Batting: LHB Jordan Berge
|
0-0: Ball 1-0: SINGLE (Line Drive, 89M, EV 112.5 MPH) Jose Tolentino to third Runner from 3rd tries for Home, SAFE, throw by CF to home
|
|
Batting: RHB Andres Thomas
|
0-0: SINGLE (Groundball, 4MD, EV 103.1 MPH) Jordan Berge to second
|
|
Batting: LHB Alex Castaneda
|
0-0: Called Strike 0-1: Ball 1-1: Ball 2-1: Hit by Pitch Jordan Berge to third Andres Thomas to second
|
|
Batting: RHB Benito Santiago
|
0-0: Called Strike 0-1: Ball 1-1: Fielders Choice at 2nd, 5-4 (Groundball, 56, EV 102.5 MPH)
|
| Top of the 6th over - 4 runs, 5 hits, 0 errors, 3 left on base; Tampa 7 - Fort Myers 3 |
| BOTTOM OF THE 6TH |
|
Fort Myers Miracles batting - Pitching for Tampa Twisters : LHP Bob Kipper
|
|
Batting: LHB Rodney Hodde
|
0-0: Called Strike 0-1: Ball 1-1: Foul Ball, location: 2F 1-2: Ball 2-2: Ground out 4-3 (Groundball, 4, EV 83.1 MPH)
|
|
Batting: LHB Stacey Pettis
|
0-0: Fly out, F9 (Flyball, 9, EV 90.0 MPH)
|
|
Batting: LHB Abraham Becerra
|
0-0: Called Strike 0-1: Fly out, F4 (Popup, 3D, EV 46.3 MPH)
|
| Bottom of the 6th over - 0 runs, 0 hits, 0 errors, 0 left on base; Tampa 7 - Fort Myers 3 |
| TOP OF THE 7TH |
|
Tampa Twisters batting - Pitching for Fort Myers Miracles : RHP Roberto Galvez
|
|
Batting: RHB Nelson Ybarra
|
0-0: Fly out, F8 (Line Drive, 8RM, EV 102.5 MPH)
|
|
Batting: RHB John Hotchkiss
|
0-0: Ball 1-0: Ball 2-0: Ball 3-0: Base on Balls
|
|
Batting: LHB John Randolph
|
0-0: Ball John Hotchkiss steals 2nd base 1-0: Called Strike 1-1: Called Strike 1-2: Ground out 6-3 (Groundball, 6, EV 100.6 MPH)
|
|
Batting: RHB Basil Tennell
|
0-0: Ball 1-0: Called Strike 1-1: Ball 2-1: Fly out, F9 (Line Drive, 9, EV 90.0 MPH)
|
| Top of the 7th over - 0 runs, 0 hits, 0 errors, 1 left on base; Tampa 7 - Fort Myers 3 |
| BOTTOM OF THE 7TH |
|
Fort Myers Miracles batting - Pitching for Tampa Twisters : LHP Bob Kipper
|
|
Batting: RHB Rico Escobar
|
0-0: Ball 1-0: Called Strike 1-1: Fly out, F6 (Popup, 6, EV 56.9 MPH)
|
|
Batting: SHB Ronnie Chapman
|
0-0: Called Strike 0-1: Fly out, F6 (Popup, 6MS, EV 73.1 MPH)
|
|
Batting: RHB T.J. Stout
|
0-0: Called Strike 0-1: Ball 1-1: Ball 2-1: Called Strike 2-2: Foul Ball, location: 2F 2-2: Strikes out looking
|
| Bottom of the 7th over - 0 runs, 0 hits, 0 errors, 0 left on base; Tampa 7 - Fort Myers 3 |
| TOP OF THE 8TH |
|
Tampa Twisters batting - Pitching for Fort Myers Miracles : RHP Roberto Galvez
|
|
Batting: LHB Jose Tolentino
|
0-0: Ball 1-0: Fly out, F6 (Popup, 15, EV 71.3 MPH)
|
|
Batting: LHB Jordan Berge
|
0-0: Ball 1-0: Called Strike 1-1: Fly out, F8 (Flyball, 8RS, EV 96.3 MPH)
|
|
Batting: RHB Andres Thomas
|
0-0: SINGLE (Flyball, 78S, EV 93.8 MPH)
|
|
Batting: LHB Alex Castaneda
|
0-0: Called Strike 0-1: Foul Ball, location: 2F 0-2: Ground out 5-3 (Groundball, 56, EV 83.1 MPH)
|
| Top of the 8th over - 0 runs, 1 hit, 0 errors, 1 left on base; Tampa 7 - Fort Myers 3 |
| BOTTOM OF THE 8TH |
|
Fort Myers Miracles batting - Pitching for Tampa Twisters : LHP Bob Kipper
|
|
Batting: RHB Bobby Hinson
|
0-0: Ground out 6-3 (Groundball, 6MS, EV 83.8 MPH)
|
|
Batting: RHB Galtero Gioacchini
|
0-0: Ball 1-0: Ball 2-0: Ball 3-0: Called Strike 3-1: Swinging Strike 3-2: Base on Balls
|
|
Pitching: RHP Kevin Gordon
|
|
|
Batting: RHB Michael Saccocio
|
0-0: Ball 1-0: Ball 2-0: Called Strike 2-1: Called Strike 2-2: Foul Ball, location: 2F 2-2: Ball 3-2: Base on Balls Galtero Gioacchini to second
|
|
Batting: LHB Rodney Hodde
|
0-0: Ball 1-0: Fielders Choice at 2nd, 6-4 (Groundball, 6, EV 92.5 MPH) Galtero Gioacchini to third
|
|
Batting: LHB Stacey Pettis
|
0-0: Called Strike 0-1: Called Strike 0-2: Ball 1-2: Strikes out looking
|
| Bottom of the 8th over - 0 runs, 0 hits, 0 errors, 2 left on base; Tampa 7 - Fort Myers 3 |
| TOP OF THE 9TH |
|
Tampa Twisters batting - Pitching for Fort Myers Miracles : RHP Roberto Galvez
|
|
Batting: RHB Benito Santiago
|
0-0: Ball 1-0: Ball 2-0: Ball 3-0: Base on Balls
|
|
Pitching: LHP Tony Ybarra
|
|
|
Batting: RHB Nelson Ybarra
|
0-0: Bunt missed! 0-1: Bunt missed! 0-2: Ball 1-2: Ball 2-2: Ball 3-2: SINGLE (Groundball, 34D, EV 103.8 MPH) Benito Santiago to second Runner from 2nd tries for 3rd, SAFE, no throw by RF
|
|
Batting: RHB John Hotchkiss
|
0-0: Ball 1-0: Ball Nelson Ybarra steals 2nd base 2-0: Ball 3-0: Base on Balls
|
|
Batting: LHB John Randolph
|
0-0: Fly out, F6 (Flyball, 56D, EV 75.0 MPH)
|
|
Batting: RHB Basil Tennell
|
0-0: Called Strike 0-1: Ball 1-1: Foul Ball, location: 2F 1-2: Fly out, F8 (Line Drive, 8LD, EV 93.1 MPH) Runner from 3rd tags up, SCORES, throw by CF Nelson Ybarra to third
|
|
Batting: LHB Jose Tolentino
|
0-0: Swinging Strike 0-1: Ball 1-1: Ball 2-1: Swinging Strike 2-2: Foul Ball, location: 2F 2-2: Foul Ball, location: 2F 2-2: Strikes out looking
|
| Top of the 9th over - 1 run, 1 hit, 0 errors, 2 left on base; Tampa 8 - Fort Myers 3 |
| BOTTOM OF THE 9TH |
|
Fort Myers Miracles batting - Pitching for Tampa Twisters : RHP Kevin Gordon
|
|
Batting: LHB Abraham Becerra
|
0-0: Ball 1-0: Ground out 4-3 (Groundball, 4, EV 85.0 MPH)
|
|
Batting: RHB Rico Escobar
|
0-0: Called Strike 0-1: Fly out, F8 (Flyball, 8LM, EV 91.3 MPH)
|
|
Batting: SHB Ronnie Chapman
|
0-0: Called Strike 0-1: Ball 1-1: Ball 2-1: Called Strike 2-2: SINGLE (Flyball, 78S, EV 89.4 MPH)
|
|
Batting: RHB T.J. Stout
|
0-0: Swinging Strike 0-1: Ball 1-1: Foul Ball, location: 2F 1-2: Ball 2-2: Foul Ball, location: 2F 2-2: Fly out, F8 (Flyball, 8RD, EV 91.9 MPH)
|
| Bottom of the 9th over - 0 runs, 1 hit, 0 errors, 1 left on base; Tampa 8 - Fort Myers 3 |
|